 Dungeon Crawl Stone Soup version 0.28-a0-1334-g1c9ffb4daf (webtiles) character file.

Game seed: 2075289309735306696

694058 Gbs the Metallomancer (level 27, -6/198 HPs)
             Began as a Gargoyle Earth Elementalist on Dec 27, 2021.
             Was the Champion of Vehumet.
             Killed by divine providence
             ... invoked by a balrug
              (11 damage)
             ... on level 25 of a ziggurat on Dec 28, 2021.
             The game lasted 03:27:00 (82709 turns).

Gbs the Metallomancer (GrEE)                       Turns: 82709, Time: 03:27:01

Health: -6/198     AC: 51    Str: 24    XL:     27
Magic:  43/45      EV: 18    Int: 36    God:    Vehumet [******]
Gold:   6138       SH:  0    Dex: 15    Spells: 1/63 levels left

rFire   + + +      SeeInvis +   y - +3 Elemental Staff {rElec rF++ rC++ AC+5}
rCold   + + +      Faith    .   (no shield)
rNeg    + + .      Spirit   .   b - +3 faerie dragon scales {rPois rCorr}
rPois   ∞          Reflect  .   r - +2 helmet {SInv}
rElec   +          Harm     .   z - +2 cloak {rC+}
rCorr   +          Rampage  .   h - +0 pair of fencer's gloves {Riposte Dex+3}
Will    +++..      Rage     9%  c - +2 pair of boots of the Watchman {rCorr}
Stlth   +++.......              a - amulet "Xovuami" {+Blink rN+ Regen+ Int+7 SInv}
HPRegen 1.23/turn               S - ring "Demun" {Str+7 Int+6}
MPRegen 0.29/turn               m - +4 ring of protection

@: flying, studying 4 skills
A: sickness immunity, AC +20, big wings, negative energy resistance 1,
electricity resistance, torment resistance 1, petrification resistance, thin
skeletal structure 1, berserk 3, fire resistance 1, strong-willed 1, robust 1,
weak 1, wild magic 1
}: 3/15 runes: decaying, silver, gossamer
a: Renounce Religion, Evoke Blink


You were on level 25 of a ziggurat.
You worshipped Vehumet.
Vehumet was exalted by your worship.
You visited 10 branches of the dungeon, and saw 47 of its levels.
You visited the Abyss 2 times.
You visited 1 ziggurat, and saw 25 of its levels.
You also visited: Ice Cave.

You collected 12404 gold pieces.
You spent 6266 gold pieces at shops.

Inventory:

Hand Weapons
 e - a +9 demon whip of draining
 j - a +9 demon whip of electrocution
 o - a +9 vorpal eveningstar
 y - the +3 Elemental Staff (weapon) {rElec rF++ rC++ AC+5}
   (You acquired it on level 3 of the Elven Halls)

   If the wielder is skilled in Evocations, they can discharge powerful blasts
   of elemental energy when striking with it.
   It enhances your fire, ice, earth and air magic.
   AC:        It affects your AC (+5).
   rF:        It greatly protects you from fire.
   rC:        It greatly protects you from cold.
   rElec:     It insulates you from electricity.
 M - the +7 great mace "Eteirrin" {venom, SInv}
   (You acquired it on level 2 of the Spider Nest)

   It poisons the flesh of those it strikes.
   SInv:      It lets you see invisible.
Missiles
 E - 2 throwing nets
Armour
 b - the +3 faerie dragon scales (worn) {rPois rCorr}
   (You took it off the Enchantress on level 3 of the Depths)

   rPois:     It protects you from poison.
   rCorr:     It protects you from acid and corrosion.
 c - the +2 pair of boots of the Watchman (worn) {rCorr}
   (You found it on level 12 of a ziggurat)

   rCorr:     It protects you from acid and corrosion.
 h - the +0 pair of fencer's gloves (worn) {Riposte Dex+3}
   (You found it on level 5 of the Vaults)

   It allows the wearer to riposte with melee weapons, swiftly retaliating
   against missed attacks.
   Dex:       It affects your dexterity (+3).
 l - a +2 robe of the Archmagi
 r - a +2 helmet of see invisible (worn)
 z - a +2 cloak of cold resistance (worn)
Jewellery
 a - the amulet "Xovuami" (around neck) {+Blink rN+ Regen+ Int+7 SInv}
   (You found it on level 3 of a ziggurat)

   [amulet of regeneration]

   Int:       It affects your intelligence (+7).
   rN:        It protects you from negative energy.
   SInv:      It lets you see invisible.
   +Blink:    It lets you blink.
   Regen:     It increases your rate of health regeneration.
 g - the ring "Japom" {rN+ Int+3 SInv}
   (You found it on level 13 of a ziggurat)

   [ring of positive energy]

   Int:       It affects your intelligence (+3).
   rN:        It protects you from negative energy.
   SInv:      It lets you see invisible.
 m - a +4 ring of protection (right hand)
 w - a ring of wizardry
 A - the amulet of the Grand Banana {+Blink rF+++ Will- Regen+ Stlth+}
   (You found it on level 3 of the Elven Halls)

   [amulet of regeneration]

   rF:        It renders you almost immune to fire.
   +Blink:    It lets you blink.
   Regen:     It increases your rate of health regeneration.
   Will:      It decreases your willpower.
   Stlth:     It makes you more stealthy.
 D - the ring of Qiculev {Dex+3 Slay+4}
   (You found it on level 18 of a ziggurat)

   [ring of slaying]

   Dex:       It affects your dexterity (+3).
   Slay:      It affects your accuracy & damage with ranged weapons and melee
   (+4).
 J - the ring "Muin" {*Slow rN+ rCorr MP+9 SInv}
   (You found it on level 17 of a ziggurat)

   [ring of see invisible]

   rN:        It protects you from negative energy.
   MP:        It affects your magic capacity (+9).
   SInv:      It lets you see invisible.
   rCorr:     It protects you from acid and corrosion.
   *Slow:     It may slow you when you take damage.
 S - the ring "Demun" (left hand) {Str+7 Int+6}
   (You found it on level 2 of the Vaults)

   [ring of intelligence]

   Str:       It affects your strength (+7).
   Int:       It affects your intelligence (+6).
 W - the amulet of Aplatap {+Inv Regen+}
   (You found it on level 3 of the Abyss)

   [amulet of regeneration]

   +Inv:      It lets you turn invisible.
   Regen:     It increases your rate of health regeneration.
Wands
 N - a wand of iceblast (24)
 O - a wand of acid (22)
Scrolls
 q - 5 scrolls of blinking
 s - 67 scrolls of identify
 v - 6 scrolls of enchant armour
 B - 10 scrolls of magic mapping
 H - 21 scrolls of teleportation
 L - 6 scrolls of fear
 T - 12 scrolls of fog
 Y - a scroll of summoning
Potions
 d - a potion of ambrosia
 f - 23 potions of curing
 i - 5 potions of magic
 p - a potion of resistance
 C - 5 potions of brilliance
 I - 15 potions of mutation
 P - 9 potions of cancellation
 U - 11 potions of haste
 V - 9 potions of heal wounds
Miscellaneous
 t - a condenser vane
 u - a lightning rod (4/4)
 F - a phantom mirror
 G - a phial of floods
 R - a tin of tremorstones (2/2)
 X - a box of beasts


   Skills:
 - Level 20.7 Fighting
 - Level 16.0 Maces & Flails
 - Level 6.0 Armour
 - Level 13.7 Dodging
 - Level 2.1 Stealth
 - Level 18.6 Spellcasting
 - Level 18.0 Conjurations
 - Level 19.0 Necromancy
 - Level 10.0 Transmutations
 - Level 20.6 Fire Magic
 + Level 18.1 Ice Magic
 - Level 21.5 Earth Magic
 - Level 10.0 Evocations


You had one spell level left.
You knew the following spells:

 Your Spells              Type           Power      Damage    Failure   Level
a - Shatter               Erth           76%        3d56*     7%          9
b - Stone Arrow           Conj/Erth      100%       3d13      1%          3
c - Lee's Rapid Deconstr  Erth           76%        3d35*     1%          5
d - Iron Shot             Conj/Erth      74%        9d14      1%          6
e - Polar Vortex          Ice            72%        N/A       22%         9
f - Fire Storm            Conj/Fire      73%        8d19      16%         9
g - Ignition              Fire           75%        3d20      1%          8
h - Borgnjor's Vile Clut  Necr/Erth      74%        N/A       1%          5
j - Necromutation         Tmut/Necr      55%        N/A       28%         8

Your spell library contained the following spells:

 Spells                   Type           Power      Damage    Failure   Level
 Beastly Appendage        Tmut           100%       N/A       1%          1
 Foxfire                  Conj/Fire      100%       2x1d9     1%          1
 Magic Dart               Conj           100%       1d8       1%          1
 Sandblast                Erth           100%       2d20      1%          1
 Shock                    Conj/Air       100%       1d9       1%          1
 Sting                    Tmut/Pois      100%       1d8       1%          1
 Apportation              Tloc           86%        N/A       2%          1
 Slow                     Hex            100%       N/A       2%          1
 Summon Small Mammal      Summ           100%       N/A       2%          1
 Corpse Rot               Necr/Air       100%       N/A       1%          2
 Ensorcelled Hibernation  Hex/Ice        100%       N/A       1%          2
 Passwall                 Tmut/Erth      100%       N/A       1%          2
 Poisonous Vapours        Pois/Air       100%       N/A       1%          2
 Scorch                   Fire           100%       2d10      1%          2
 Searing Ray              Conj           100%       2d8       1%          2
 Static Discharge         Conj/Air       100%       N/A       1%          2
 Conjure Flame            Conj/Fire      100%       6-21      1%          3
 Dazzling Flash           Conj/Hex       100%       N/A       1%          3
 Frozen Ramparts          Ice            100%       1d12      1%          3
 Ignite Poison            Fire/Tmut/Pois 100%       N/A       1%          3
 Inner Flame              Hex/Fire       100%       N/A       1%          3
 Mephitic Cloud           Conj/Pois/Air  99%        N/A       1%          3
 Ozocubu's Armour         Ice            100%       N/A       1%          3
 Spider Form              Tmut/Pois      74%        N/A       1%          3
 Vampiric Draining        Necr           100%       2d13      1%          3
 Animate Dead             Necr           61%        N/A       1%          4
 Dispel Undead            Necr           100%       3d31      1%          4
 Flame Wave               Conj/Fire      100%       2d14      1%          4
 Fulminant Prism          Conj/Hex       45%        3d21      1%          4
 Hailstorm                Conj/Ice       100%       3d20      1%          4
 Ice Form                 Ice/Tmut       100%       N/A       1%          4
 Leda's Liquefaction      Hex/Erth       60%        N/A       1%          4
 Petrify                  Tmut/Erth      100%       N/A       1%          4
 Sticky Flame             Conj/Fire      100%       2d11      1%          4
 Summon Ice Beast         Ice/Summ       100%       N/A       1%          4
 Blade Hands              Tmut           47%        N/A       1%          5
 Fireball                 Conj/Fire      73%        3d27      1%          5
 Freezing Cloud           Conj/Ice/Air   75%        6-21      1%          5
 Irradiate                Conj/Tmut      54%        3d32      1%          5
 Iskenderun's Battlesphe  Conj           100%       2d15      1%          5
 Lightning Bolt           Conj/Air       56%        1d78      1%          5
 Metabolic Englaciation   Hex/Ice        57%        N/A       1%          5
 Yara's Violent Unravell  Hex/Tmut       37%        3d15      1%          5
 Conjure Ball Lightning   Conj/Air       56%        3x3d20    1%          6
 Death Channel            Necr           61%        N/A       1%          6
 Simulacrum               Ice/Necr       72%        N/A       1%          6
 Starburst                Conj/Fire      73%        6d19      1%          6
 Orb of Destruction       Conj           59%        9d17      1%          7
 Ozocubu's Refrigeration  Ice            72%        4d19      1%          7
 Blink                    Tloc           86%        N/A       3%          2
 Airstrike                Air            30%        N/A       4%          4
 Borgnjor's Revivificati  Necr           61%        N/A       5%          8
 Infestation              Necr           61%        N/A       5%          8
 Call Canine Familiar     Summ           43%        N/A       6%          3
 Confusing Touch          Hex            43%        N/A       6%          3
 Gell's Gravitas          Tloc           43%        N/A       6%          3
 Lesser Beckoning         Tloc           43%        N/A       6%          3
 Portal Projectile        Hex/Tloc       86%        N/A       6%          3
 Summon Guardian Golem    Hex/Summ       43%        N/A       6%          3
 Swiftness                Air            60%        N/A       6%          3
 Teleport Other           Tloc           43%        N/A       6%          3
 Tukima's Dance           Hex            43%        N/A       6%          3
 Alistair's Intoxication  Tmut/Pois      49%        N/A       7%          5
 Eringya's Noxious Bog    Tmut/Pois      37%        N/A       9%          6
 Spellforged Servitor     Conj/Summ      45%        N/A       9%          7
 Cause Fear               Hex            21%        N/A       17%         4
 Passage of Golubria      Tloc           43%        N/A       17%         4
 Haunt                    Necr/Summ      46%        N/A       28%         7
 Manifold Assault         Tloc           43%        N/A       41%         5
 Silence                  Hex/Air        30%        N/A       41%         5
 Summon Forest            Summ/Tloc      21%        N/A       41%         5
 Summon Mana Viper        Hex/Summ       43%        N/A       41%         5
 Death's Door             Necr           61%        N/A       54%         9
 Storm Form               Tmut/Air       47%        N/A       83%         7
 Dispersal                Tloc           21%        N/A       92%         6
 Summon Cactus Giant      Summ           21%        N/A       92%         6
 Chain Lightning          Conj/Air       56%        3d75      99%         9
 Enfeeble                 Hex            21%        N/A       100%        7
 Malign Gateway           Summ/Tloc      21%        N/A       100%        7
 Summon Hydra             Summ           21%        N/A       100%        7
 Discord                  Hex            21%        N/A       100%        8
 Disjunction              Tloc           21%        N/A       100%        8
 Maxwell's Capacitive Co  Air            30%        ∞         100%        8
 Statue Form              Tmut/Erth      Unusable   N/A       N/A         6

Dungeon Overview and Level Annotations

Branches:
Dungeon (15/15)            Temple (1/1) D:4            Lair (6/6) D:8
  Swamp (4/4) Lair:3       Spider (4/4) Lair:2        Slime (0/5) Lair:5
    Orc (2/2) D:9             Elf (3/3) Orc:2        Vaults (5/5) D:14
  Crypt (3/3) Vaults:3       Tomb (0/3) Crypt:3      Depths (4/4) D:15
    Zot (0/5) Depths:4      IceCv (visited)

Altars:
Ashenzari
Dithmenos
Elyvilon
Gozag
Hepliaklqana
Kikubaaqudgha
Makhleb
Nemelex Xobeh
Okawaru
Ru
Sif Muna
Uskayaw
Vehumet
Wu Jian
Xom
Yredelemnul
Zin
Beogh
Jiyva
Lugonu

Shops:
Orc:1 (   Orc:2 ?([   Elf:1 :=:   Elf:3 ***   Vaults:3 *   Vaults:4 ((:[
Vaults:5 *   Depths:4 [

Portals:
Hell: Depths:1 Depths:2 Depths:3 Depths:4
Abyss: Lair:6 Depths:1 Depths:2 Depths:3
Pandemonium: Depths:2
Trove: D:14 (give 5 scrolls of blinking)

Annotations:
D:6 1 runed translucent door
D:10 3 runed translucent doors, whodunnit's ghost, journeyman DsGl
D:13 2 runed translucent doors
Swamp:4 1 runed translucent door, confidenceinterval's ghost, adept GrSu
Elf:2 3 runed translucent doors
Depths:4 3 runed translucent doors


Innate Abilities, Weirdness & Mutations

You are immune to sickness and miasma.
Your stone body is resilient. (AC +20)
You are immune to poison.
Your large and strong wings let you fly.
You resist negative energy. (rN+)
You are resistant to electric shocks. (rElec)
You are resistant to unholy torment.
You are immune to petrification.
You have a somewhat thin skeletal structure. (Dex +2, Stealth+)
You have an uncontrollable temper.
Your flesh is heat resistant. (rF+)
You are strong-willed. (Will+)
You are robust. (+10% HP)
You are weak. (Str -2)
Your spells are a little harder to cast, but a little more powerful.


Message History

Vehumet accepts your kill.
You feel your power returning.
The balrug is moderately wounded.
The Ice Fiend is severely wounded.
The blizzard demon is moderately wounded.
You kill the reaper!
Vehumet accepts your kill.
You feel your power returning.
The demonspawn black sun is moderately wounded.
The Hell Sentinel is moderately wounded.
The balrug is moderately wounded.
You hear an angry squeal.
You hear a hideous shriek!
The balrug gestures at you.
The bolt of fire hits the Hell Sentinel but does no damage.
The bolt of fire hits you. You resist.
* * * LOW HITPOINT WARNING * * *
A demonspawn warmonger comes into view.
It is wielding a +0 demon whip of draining and wearing a +3 plate armour of fire resistance.
A cacodemon comes into view.
The Brimstone Fiend gestures at you.
The sphere of damnation explodes!
The damnation engulfs you!
* * * LOW HITPOINT WARNING * * *
The demonspawn black sun mumbles some strange prayers to Kikubaaqudgha.
Omobb begins absorbing vital energies!
The balrug begins absorbing vital energies!
The Brimstone Fiend begins absorbing vital energies!
The balrug begins absorbing vital energies!
The demonspawn black sun begins absorbing vital energies!
The blizzard demon begins absorbing vital energies!
The Brimstone Fiend begins absorbing vital energies!
The Hell Sentinel begins absorbing vital energies!
The Ice Fiend begins absorbing vital energies!
The cacodemon begins absorbing vital energies!
The Hell Sentinel begins absorbing vital energies!
The demonspawn warmonger begins absorbing vital energies!
The Brimstone Fiend gestures at you.
The sphere of damnation explodes!
The damnation engulfs you!!
* * * LOW HITPOINT WARNING * * *
The balrug gestures at you. Something smites you!
You die...

..#...#............)...)
........................
........................
......................).
......................)1
.......................2
....................1...
................@....12.
......................1.
...................1.&.6
.......................2
........................
........................
..................2.).).
..#...#............6...)


You could see Omobb (black mark), 2 Hell Sentinels, a demonspawn warmonger
(black mark), 2 Brimstone Fiends, an Ice Fiend (black mark), a cacodemon (black
mark), a demonspawn black sun (black mark), 2 balrugs and a blizzard demon
(black mark).

Vanquished Creatures
  9 dread liches
  8 ancient liches
  Mara (Vaults:2)
  Sojobo (Vaults:4)
  Boris (thrice) (Vaults:5 Crypt:3 Depths:1)
  12 royal mummies (Zig:24)
  2 shard shrikes (Zig:19)
  Saint Roka (Vaults:2)
  Bai Suzhen (Depths:1)
  A Killer Klown (Zig:20)
  13 golden dragons
  A golden dragon (shapeshifter) (Zig:20)
  7 pandemonium lords
  the Enchantress (Depths:3)
  4 bone dragons
  2 profane servitors
  5 Tzitzimimeh
  The ghost of Ceefagg the Slayer, an adept MiGl of Okawaru (Depths:4)
  A shard shrike zombie (Crypt:1)
  A Brimstone Fiend (Zig:25)
  Jorgrun (Orc:2)
  4 tentacled monstrosities
  5 iron giants (Zig:16)
  6 Ice Fiends
  2 walking crystal tomes
  Rupert (Lair:6)
  A shard shrike skeleton (Crypt:3)
  9 Hell Sentinels
  7 liches
  8 titans
  3 quicksilver dragons
  4 acid blobs
  3 sphinxes
  A quicksilver dragon (shapeshifter) (Zig:20)
  4 Executioners
  3 deep elf master archers (Elf:3)
  6 tentacled starspawn
  Gastronok (Lair:3)
  5 thorn hunters
  11 shadow dragons
  11 tengu reavers
  10 storm dragons
  2 fenstrider witches (Swamp:3)
  3 draconian monks (Zig:17)
  7 narguns
  3 draconian knights
  7 demonspawn warmongers
  6 deep elf sorcerers
  An azure jelly (Zig:9)
  A rockslime (Vaults:2)
  3 quicksilver elementals (Zig:16)
  A revenant (Zig:10)
  5 balrugs
  15 frost giants
  8 fire giants
  18 ghost moths
  20 emperor scorpions
  16 vault wardens
  3 cacodemons
  4 draconian scorchers (Zig:17)
  4 draconian stormcallers (Zig:17)
  5 draconian shifters
  2 orc warlords
  5 ghouls
  3 demonspawn blood saints
  2 draconian annihilators (Zig:17)
  A broodmother (Zig:23)
  8 deep elf elementalists
  12 war gargoyles
  4 demonspawn corrupters
  7 reapers
  16 ironbound preservers
  4 spriggan defenders
  A quicksilver ooze (Vaults:2)
  6 ironbound thunderhulks
  16 very ugly things
  19 stone giants
  A juggernaut skeleton (Zig:24)
  3 caustic shrike skeletons
  4 eleionomae
  8 deep elf demonologists
  2 bennus (Zig:24)
  2 black draconians (Zig:17)
  7 bunyips
  5 demonspawn black suns
  3 green draconians
  15 deep elf annihilators
  2 purple draconians
  2 red draconians (Zig:17)
  8 spark wasps
  7 wendigos (Zig:19)
  A white draconian (Depths:4)
  6 lorocyprocas
  3 yellow draconians
  An entropy weaver (shapeshifter) (Zig:20)
  6 dire elephants
  9 vampire knights
  27 entropy weavers
  9 crystal guardians
  3 iron golems (Zig:16)
  4 eidola
  7 blizzard demons
  An ettin (shapeshifter) (Zig:11)
  5 ettins
  2 quicksilver dragon zombies (Zig:24)
  10 deep elf death magi
  A shambling mangrove (Swamp:3)
  5 green deaths
  8 deep elf high priests
  8 fire dragons
  8 jiangshi
  A merfolk javelineer (Depths:4)
  29 vault guards
  9 yaktaur captains
  4 spriggan zombies
  8 great orbs of eyes
  3 spriggan skeletons
  10 mummy priests (Zig:24)
  6 rakshasas
  8 boulder beetles
  5 hell beasts
  10 ice dragons
  4 jorogumos
  An anaconda (shapeshifter) (Zig:11)
  The ghost of Lavandula the Grappler, a journeyman FoTm of Ru (Lair:1)
  30 hydras
  A naga warrior (Zig:3)
  8 peacekeepers
  4 spriggan air magi
  12 ironbound frosthearts
  A catoblepas (Lair:4)
  7 radroaches
  4 death knights
  A ghost crab (Spider:1)
  9 alligators
  4 death scarabs (Zig:24)
  18 dancing weapons
  8 ogre magi
  11 centaur warriors
  24 two-headed ogres
  14 death yaks
  2 deep troll shamans
  6 deep troll earth magi
  13 vampire magi
  A satyr (shapeshifter) (D:14)
  16 thrashing horrors
  7 spriggan berserkers
  5 tengu warriors
  A naga sharpshooter (Zig:3)
  13 hell knights
  3 soul eaters
  12 deep elf knights
  8 steelbarb worms
  3 sun demons
  4 wretched stars
  10 pharaoh ants
  3 crystal echidnas (Zig:16)
  2 sixfirhies (Zig:21)
  31 skeletal warriors
  A titan skeleton (Zig:24)
  4 iron trolls (Depths:1)
  30 deep trolls
  16 swamp dragons
  4 shadow wraiths
  28 orb spiders
  3 goliath frogs
  2 quicksilver dragon simulacra
  A golden dragon zombie (Crypt:3)
  A tengu zombie (Depths:1)
  12 bog bodies
  A spriggan druid (Swamp:4)
  An orb spider (shapeshifter) (Zig:15)
  4 shadow demons
  3 obsidian statues
  5 death drakes (Zig:22)
  4 orange crystal statues
  9 wizards
  6 orc knights
  2 anaconda skeletons
  A naga ritualist (Zig:3)
  12 deep elf archers
  2 glowing orange brains (Zig:18)
  5 flayed ghosts
  12 lindwurms
  Pikel (D:6)
  14 necromancers
  An iron giant skeleton (Crypt:3)
  A sphinx zombie (Depths:1)
  14 ironbound convokers
  A wolf spider (shapeshifter) (Depths:4)
  17 deep elf pyromancers
  18 harpies
  4 human zombies
  3 frost giant zombies
  19 deep elf zephyrmancers
  A shining eye (shapeshifter) (Zig:11)
  9 phantasmal warriors
  A faun (shapeshifter) (Depths:4)
  A stone giant zombie (Vaults:4)
  6 will-o-the-wisps
  An iron dragon zombie (Crypt:1)
  4 moths of wrath
  47 ugly things
  3 manticores
  2 orc sorcerers
  2 worldbinders (Zig:18)
  4 shining eyes (Zig:9)
  An iron dragon skeleton (Crypt:3)
  A shadow dragon skeleton (Zig:24)
  6 cyclopes
  A moth of wrath (shapeshifter) (Vaults:2)
  33 wolf spiders
  2 naga zombies (Crypt:1)
  A frost giant skeleton (Depths:1)
  Maurice (Orc:1)
  10 elephants
  2 guardian serpents (shapeshifter)
  22 vault sentinels
  A torpor snail (shapeshifter) (Depths:3)
  A guardian serpent (Abyss:3)
  An elf zombie (Vaults:4)
  11 torpor snails
  A rust devil (Depths:2)
  A titan simulacrum (Crypt:1)
  2 naga magi (Zig:3)
  8 black mambas
  4 ice statues
  A fire giant skeleton (Depths:2)
  A black draconian zombie (Crypt:2)
  9 smoke demons
  Joseph (D:7)
  An eye of devastation (Zig:9)
  A water nymph (shapeshifter) (Depths:2)
  7 cane toads
  A kobold demonologist (D:9)
  A gargoyle (D:13)
  6 hellions
  4 orange demons
  Maggie (D:8)
  A rime drake (shapeshifter) (Lair:6)
  9 rime drakes
  13 demonic crawlers
  4 unseen horrors
  A sea snake zombie (Crypt:1)
  14 komodo dragons
  44 yaktaurs
  2 tengu conjurers
  8 freezing wraiths
  An alligator snapping turtle skeleton (Crypt:1)
  A minotaur skeleton (Crypt:1)
  2 red devils
  3 efreet
  4 hellwings
  A golden dragon simulacrum (Zig:19)
  A harpy zombie (Crypt:1)
  4 ice devils
  A death yak skeleton (Crypt:1)
  21 guardian mummies
  An entropy weaver simulacrum (IceCv)
  5 trolls
  24 meliai
  9 tormentors
  A merfolk (shapeshifter) (Lair:6)
  A bloated husk (Swamp:2)
  A merfolk (D:15)
  A shadow dragon simulacrum (Zig:24)
  10 tyrant leeches
  A wolf spider simulacrum (D:14)
  A tengu simulacrum (Depths:2)
  7 ancient zymes
  A queen bee (shapeshifter) (Zig:18)
  8 raiju
  A harpy skeleton (Crypt:3)
  A tarantella (shapeshifter) (Zig:11)
  34 tarantellas
  Grinder (D:6)
  A raiju (shapeshifter) (Vaults:5)
  24 hornets
  39 slime creatures
  24 blink frogs
  A dream sheep (Lair:4)
  2 centaur simulacra
  Sigmund (D:3)
  6 air elementals
  37 jumping spiders
  3 shadows
  44 flying skulls
  22 spriggans
  7 ushabtiu (Zig:24)
  4 water elementals
  8 wraiths
  4 ynoxinuls
  4 wyverns
  14 culicivoras
  17 large abominations
  4 vampires (D:15)
  An ice dragon skeleton (Crypt:2)
  Eustachio (D:5)
  70 yaks
  A fire elemental (Abyss:3)
  30 vampire mosquitoes
  A golden eye (Zig:9)
  14 basilisks
  A hog (shapeshifter) (D:15)
  A basilisk (shapeshifter) (Lair:6)
  7 steam dragons
  6 chaos spawn
  5 death yak simulacra
  14 small abominations
  A redback (shapeshifter) (D:14)
  5 neqoxecs
  85 redbacks
  2 harpy simulacra (IceCv)
  A swamp worm (shapeshifter) (Zig:12)
  8 acid dragons
  22 swamp worms
  A spatial vortex (Elf:2)
  2 wargs
  16 water moccasins
  12 swamp drakes
  14 orc warriors
  2 floating eyes
  2 ice beasts (D:7)
  2 black bears (D:8)
  2 naga skeletons (Crypt:3)
  20 starcursed masses
  A black bear (shapeshifter) (D:15)
  An ice beast (shapeshifter) (Depths:4)
  8 necrophages
  29 ogres
  A boggart (D:14)
  A manticore zombie (Crypt:2)
  10 wolves
  16 centaurs
  2 phantoms (D:15)
  6 kobold brigands
  A rime drake skeleton (Crypt:1)
  13 bullfrogs
  2 gnoll sergeants
  3 earth elementals (Elf:2)
  2 cane toad simulacra
  A draconian skeleton (Crypt:2)
  8 scorpions
  3 two-headed ogre simulacra (IceCv)
  3 elephant simulacra (IceCv)
  12 killer bees
  A troll skeleton (Crypt:1)
  9 wights
  3 howler monkeys
  5 centaur zombies
  2 jellies
  A quasit (Abyss:3)
  Crazy Yiuf (D:6)
  A hound (D:5)
  6 orc priests
  3 bullfrog skeletons
  Ijyb (D:3)
  2 human skeletons (Crypt:1)
  4 iguanas
  Natasha (thrice) (D:2)
  17 orc wizards
  3 troll simulacra (IceCv)
  2 lightning spires (Zig:24)
  5 spriggan simulacra (IceCv)
  4 wolf simulacra
  3 polar bear simulacra (IceCv)
  A killer bee zombie (D:8)
  A felid zombie (Crypt:1)
  2 tengu skeletons
  An acid dragon skeleton (Crypt:2)
  35 mummies
  Robin (D:3)
  A howler monkey zombie (D:10)
  A swamp drake zombie (Crypt:2)
  3 adders
  3 gnolls (D:8)
  5 naga simulacra (IceCv)
  9 white imps
  8 ufetubi (IceCv)
  A worm (D:4)
  62 orcs
  6 endoplasms
  7 giant cockroaches (D:6)
  14 goblins
  8 hobgoblins
  24 kobolds
  2 quokkas
  3 training dummies (Orc:1)
  3 ball pythons
  10 bats
  6 frilled lizards
  2 rats (D:3)
  2 ball lightnings (Zig:20)
  6 starspawn tentacles
2778 creatures vanquished.

Vanquished Creatures (collateral kills)
  A pandemonium lord (Zig:20)
  The ghost of Foasmeck the Peltast, a veteran MiFi of Qazlal (Vaults:2)
  A frost giant (Depths:4)
  A cacodemon (Zig:21)
  A deep troll (Depths:4)
  A tengu conjurer (D:12)
  A troll (D:12)
  2 jackals (D:4)
9 creatures vanquished.

Vanquished Creatures (others)
  4 pandemonium lords (Zig:20)
  4 Killer Klowns (Zig:20)
  A quicksilver dragon (shapeshifter) (Zig:20)
  A vault warden (Vaults:5)
  3 very ugly things (Zig:20)
  A dire elephant (shapeshifter) (Zig:20)
  A minotaur (shapeshifter) (Zig:20)
  An ettin (shapeshifter) (Zig:20)
  A hydra (Swamp:4)
  A jorogumo (shapeshifter) (Zig:20)
  An ogre mage (D:13)
  An alligator snapping turtle (shapeshifter) (Zig:20)
  A centaur warrior (D:13)
  An orb spider (Zig:23)
  A wolf spider (shapeshifter) (Zig:20)
  A salamander (shapeshifter) (Zig:20)
  An ugly thing (Zig:20)
  A spriggan (shapeshifter) (Zig:20)
  A spriggan (Swamp:1)
  A wyvern (Zig:22)
  A redback (Zig:23)
  A chaos spawn (Zig:20)
  17 ball lightnings (Zig:20)
  2 briar patches (Swamp:4)
  17 fire vortices
  18 foxfires
  71 fungi
  A lurking horror (Abyss:3)
  117 plants
  3 starspawn tentacles
  9 toadstools (Swamp:1)
285 creatures vanquished.

Grand Total: 3072 creatures vanquished

Notes
Turn   | Place    | Note
-------+----------+-------------------------------------------
     0 | D:1      | Gbs the Gargoyle Earth Elementalist began the quest for the
                  | Orb.
     0 | D:1      | Reached XP level 1. HP: 10/10 MP: 3/3
   213 | D:1      | Reached XP level 2. HP: 11/15 MP: 1/5
   407 | D:1      | Reached skill level 4 in Earth Magic
   825 | D:1      | Found a faded altar of an unknown god.
  1109 | D:2      | Noticed Natasha
  1118 | D:2      | Killed Natasha
  1119 | D:2      | Reached XP level 3. HP: 17/19 MP: 4/7
  1123 | D:2      | Learned a level 3 spell: Stone Arrow
  1222 | D:2      | Found an iron altar of Okawaru.
  1512 | D:2      | Reached XP level 4. HP: 21/24 MP: 4/8
  1611 | D:2      | Noticed Natasha
  1618 | D:2      | Killed Natasha
  1619 | D:2      | Reached skill level 1 in Conjurations
  1717 | D:2      | Noticed Natasha
  1722 | D:2      | Killed Natasha
  1723 | D:2      | Reached skill level 5 in Earth Magic
  1948 | D:3      | Reached XP level 5. HP: 27/28 MP: 9/9
  2581 | D:3      | Noticed Ijyb
  2593 | D:3      | Killed Ijyb
  2888 | D:3      | Noticed Robin
  2895 | D:3      | Killed Robin
  3096 | D:3      | Noticed Sigmund
  3106 | D:3      | Killed Sigmund
  3107 | D:3      | Reached skill level 6 in Earth Magic
  3107 | D:3      | Reached XP level 6. HP: 22/32 MP: 5/12
  3402 | D:4      | Reached XP level 7. HP: 26/36 MP: 6/13
  3755 | D:4      | Found a staircase to the Ecumenical Temple.
  3770 | Temple   | Entered the Ecumenical Temple
  3814 | Temple   | Became a worshipper of Vehumet
  4393 | D:5      | Entered Level 5 of the Dungeon
  4951 | D:5      | Noticed Eustachio
  4977 | D:5      | Killed Eustachio
  4978 | D:5      | Reached skill level 5 in Spellcasting
  4978 | D:5      | Reached skill level 7 in Earth Magic
  4978 | D:5      | Reached XP level 8. HP: 6/41 MP: 8/15
  5578 | D:5      | Found a glowing silver altar of Zin.
  5745 | D:6      | Noticed a two-headed ogre
  5751 | D:6      | Killed a two-headed ogre
  5752 | D:6      | Reached skill level 1 in Fighting
  5752 | D:6      | Reached skill level 1 in Maces & Flails
  5752 | D:6      | Reached skill level 1 in Armour
  5752 | D:6      | Reached skill level 5 in Conjurations
  5752 | D:6      | Reached skill level 1 in Evocations
  5934 | D:6      | Found a runed translucent door.
  5936 | D:6      | Found a runed translucent door.
  6010 | D:6      | Noticed Grinder
  6034 | D:6      | Killed Grinder
  6228 | D:6      | Reached XP level 9. HP: 45/48 MP: 14/17
  6577 | D:6      | Noticed Pikel
  6587 | D:6      | Killed Pikel
  6588 | D:6      | Reached skill level 8 in Earth Magic
  6830 | D:6      | Found a runed translucent door.
  6830 | D:6      | Noticed Crazy Yiuf
  6837 | D:6      | Killed Crazy Yiuf
  7558 | D:7      | Noticed Joseph
  7573 | D:7      | Killed Joseph
  7877 | D:7      | Reached * piety under Vehumet
  7877 | D:7      | Offered knowledge of Freeze by Vehumet.
  7950 | D:7      | Reached XP level 10. HP: 46/56 MP: 19/19
  8943 | D:8      | Reached skill level 9 in Earth Magic
  9169 | D:8      | Noticed Maggie
  9172 | D:8      | Killed Maggie
  9189 | D:8      | Gained mutation: You have a somewhat thin skeletal
                  | structure. (Dex +2, Stealth+) [potion of mutation]
  9189 | D:8      | Gained mutation: Your flesh is cold resistant. (rC+)
                  | [potion of mutation]
  9520 | D:8      | Reached ** piety under Vehumet
  9539 | D:8      | Offered knowledge of Scorch by Vehumet.
  9653 | D:8      | Found a staircase to the Lair.
  9662 | D:8      | Reached skill level 5 in Fighting
  9662 | D:8      | Reached skill level 5 in Armour
 10077 | D:8      | Reached XP level 11. HP: 63/63 MP: 11/21
 10480 | D:9      | Offered knowledge of Frozen Ramparts by Vehumet.
 10580 | D:9      | Noticed a tengu warrior
 10587 | D:9      | Killed a tengu warrior
 10964 | D:9      | Reached *** piety under Vehumet
 11255 | D:9      | Reached skill level 5 in Maces & Flails
 11434 | D:9      | Offered knowledge of Sticky Flame by Vehumet.
 11487 | D:9      | Found a staircase to the Orcish Mines.
 11543 | D:10     | Entered Level 10 of the Dungeon
 11543 | D:10     | Noticed a two-headed ogre
 11546 | D:10     | Killed a two-headed ogre
 11721 | D:10     | Found a runed translucent gate.
 11721 | D:10     | Found a runed translucent gate.
 11721 | D:10     | Found a runed translucent gate.
 11722 | D:10     | Found an opulent altar of Gozag.
 11723 | D:10     | Noticed a two-headed ogre
 11723 | D:10     | Noticed an ice dragon
 11724 | D:10     | Noticed whodunnit's ghost (journeyman DsGl)
 11725 | D:10     | Noticed a brown ugly thing
 12011 | D:10     | Reached skill level 10 in Earth Magic
 12210 | D:10     | Noticed a cyclops
 12238 | D:10     | Killed a cyclops
 12239 | D:10     | Reached skill level 5 in Evocations
 12448 | D:10     | Reached skill level 5 in Dodging
 12590 | D:10     | Paralysed by a floating eye for 3 turns
 12624 | D:10     | Reached **** piety under Vehumet
 13077 | D:10     | Noticed a wolf spider
 13101 | D:11     | Offered knowledge of Lee's Rapid Deconstruction by Vehumet.
 13104 | D:11     | Noticed a five-headed hydra
 13110 | D:11     | Learned a level 5 spell: Lee's Rapid Deconstruction
 13115 | D:11     | Killed a five-headed hydra
 13116 | D:11     | Reached XP level 12. HP: 71/71 MP: 0/23
 13409 | D:11     | Learned a level 5 spell: Borgnjor's Vile Clutch
 14428 | D:12     | Noticed a two-headed ogre
 14428 | D:12     | Noticed a two-headed ogre
 14430 | D:12     | Noticed an ogre mage
 14430 | D:12     | Noticed a two-headed ogre
 14432 | D:12     | Noticed a two-headed ogre
 14435 | D:12     | Killed a two-headed ogre
 14436 | D:12     | Reached skill level 1 in Necromancy
 14437 | D:12     | Killed a two-headed ogre
 14448 | D:12     | Noticed a tengu warrior
 14491 | D:12     | Killed a tengu warrior
 15143 | D:12     | Killed a two-headed ogre
 15146 | D:12     | Killed a two-headed ogre
 15363 | D:12     | Identified the +0 leather armour of Gozag {+Inv Dex+3}
 15519 | D:12     | Killed an ogre mage
 15603 | D:12     | Noticed a two-headed ogre
 15607 | D:12     | Killed a two-headed ogre
 15608 | D:12     | Reached skill level 11 in Earth Magic
 15985 | D:13     | Noticed a tengu warrior
 15992 | D:13     | Noticed a six-headed hydra
 15994 | D:13     | Killed a tengu warrior
 16410 | D:13     | Reached XP level 13. HP: 54/76 MP: 25/25
 16988 | D:13     | Reached ***** piety under Vehumet
 17175 | D:13     | Found a runed translucent door.
 17175 | D:13     | Noticed a fire dragon
 17177 | D:13     | Noticed a storm dragon
 17191 | D:13     | Killed a fire dragon
 17428 | D:13     | Noticed a sphinx
 17432 | D:13     | Found a runed translucent door.
 17729 | D:14     | Noticed a rakshasa
 17841 | D:14     | Found a portal to a secret trove of treasure.
 17852 | D:14     | Offered knowledge of Irradiate by Vehumet.
 18116 | D:14     | Killed a rakshasa
 18371 | D:14     | Noticed a rakshasa
 18380 | D:14     | Killed a rakshasa
 19078 | D:14     | Reached skill level 10 in Conjurations
 19121 | D:14     | Reached skill level 12 in Earth Magic
 19125 | D:14     | Noticed an ironbound preserver
 19148 | D:14     | Killed an ironbound preserver
 19356 | D:14     | Found a gate to the Vaults.
 19898 | Lair:1   | Entered Level 1 of the Lair of Beasts
 19915 | Lair:1   | Gained mutation: Your large and strong wings let you fly.
                  | [Gargoyle growth]
 19915 | Lair:1   | Reached XP level 14. HP: 79/84 MP: 20/27
 19985 | Lair:1   | Found a runed translucent gate.
 19985 | Lair:1   | Found a runed translucent gate.
 19986 | Lair:1   | Found a runed translucent gate.
 20056 | Lair:1   | Noticed Lavandula's ghost (journeyman FoTm)
 20457 | Lair:1   | Learned a level 5 spell: Irradiate
 22026 | Lair:2   | Found a hole to the Spider Nest.
 22957 | Lair:2   | Offered knowledge of Iskenderun's Battlesphere by Vehumet.
 23816 | Lair:3   | Reached skill level 5 in Necromancy
 24499 | Lair:3   | Noticed Gastronok
 24518 | Lair:3   | Killed Gastronok
 24726 | Lair:3   | Reached XP level 15. HP: 67/92 MP: 23/28
 25140 | Lair:3   | Found a staircase to the Swamp.
 25261 | Lair:4   | Reached skill level 13 in Earth Magic
 25572 | Lair:4   | Offered knowledge of Conjure Ball Lightning by Vehumet.
 25577 | Lair:4   | Learned a level 3 spell: Ignite Poison
 25702 | Lair:4   | Reached skill level 1 in Fire Magic
 26546 | Lair:4   | Reached skill level 5 in Fire Magic
 27056 | Lair:5   | Found a frozen archway.
 27102 | IceCv    | Entered an ice cave
 29386 | Lair:5   | You are sucked into a shaft and drop 1 floor!
 29386 | Lair:6   | Entered Level 6 of the Lair of Beasts
 29622 | Lair:6   | Offered knowledge of Fireball by Vehumet.
 29629 | Lair:6   | Learned a level 5 spell: Fireball
 29754 | Lair:6   | Identified the ring "Enosil" {rN+ rCorr Int+3}
 30729 | Lair:6   | Reached skill level 10 in Fire Magic
 31047 | Lair:6   | Reached XP level 16. HP: 73/97 MP: 25/29
 31370 | Lair:6   | Noticed Rupert
 31790 | Lair:6   | Found a corrupted altar of Lugonu.
 31790 | Lair:6   | Found a one-way gate to the infinite horrors of the Abyss.
 31849 | Lair:6   | Identified the +6 scale mail of the Lute {Rampage Fly rC-
                  | Will+}
 32120 | Lair:6   | Killed Rupert
 32220 | Lair:5   | Found a viscous altar of Jiyva.
 32220 | Lair:5   | Found a staircase to the Slime Pits.
 32575 | Orc:1    | Entered Level 1 of the Orcish Mines
 32634 | Orc:2    | Entered Level 2 of the Orcish Mines
 32672 | Orc:1    | Found Yshiewoh's Firing Range.
 32999 | Orc:1    | Noticed Maurice
 33006 | Orc:1    | Killed Maurice
 33411 | Orc:2    | Noticed Jorgrun
 33429 | Orc:2    | Killed Jorgrun
 33671 | Orc:2    | Found Lavyh's Antique Armour Shop.
 33671 | Orc:2    | Found Ajoloabe's Antique Armour Shoppe.
 33671 | Orc:2    | Found Pealuga's Magic Scroll Emporium.
 33671 | Orc:2    | Found Luinuew's Weapon Shop.
 33675 | Orc:2    | Paralysed by something for 5 turns
 33686 | Orc:2    | Reached skill level 10 in Spellcasting
 33687 | Orc:2    | Reached skill level 10 in Fighting
 33962 | Orc:2    | Found a staircase to the Elven Halls.
 34023 | Orc:2    | Bought a scroll of blinking for 120 gold pieces
 34023 | Orc:2    | Bought a scroll of enchant weapon for 120 gold pieces
 34023 | Orc:2    | Bought a scroll of immolation for 56 gold pieces
 34844 | D:15     | Entered Level 15 of the Dungeon
 35059 | D:15     | Found a staircase to the Depths.
 36342 | D:15     | Found a hazy altar of Hepliaklqana.
 36659 | Spider:1 | Entered Level 1 of the Spider Nest
 37367 | Spider:1 | Reached ****** piety under Vehumet
 37825 | Spider:1 | Reached XP level 17. HP: 103/103 MP: 23/31
 38692 | Spider:2 | Offered knowledge of Iron Shot by Vehumet.
 38879 | Spider:1 | Learned a level 6 spell: Iron Shot
 39297 | Spider:2 | Reached skill level 10 in Maces & Flails
 39297 | Spider:2 | Reached skill level 14 in Earth Magic
 40324 | Spider:2 | Identified a scroll of acquirement
 40324 | Spider:2 | Acquired the +7 great mace "Eteirrin" {venom, SInv}
 41830 | Spider:3 | Offered knowledge of Starburst by Vehumet.
 41959 | Spider:2 | Learned a level 6 spell: Starburst
 44532 | Swamp:1  | Entered Level 1 of the Swamp
 45366 | Swamp:1  | Reached XP level 18. HP: 87/110 MP: 14/33
 45674 | Swamp:1  | Offered knowledge of Ozocubu's Refrigeration by Vehumet.
 47448 | Swamp:3  | Reached skill level 10 in Evocations
 47631 | Swamp:3  | Paralysed by a fenstrider witch for 4 turns
 48686 | Swamp:4  | Entered Level 4 of the Swamp
 49072 | Swamp:4  | Reached skill level 15 in Earth Magic
 49453 | Swamp:4  | Found a runed translucent door.
 49453 | Swamp:4  | Found a shimmering altar of Xom.
 49453 | Swamp:4  | Noticed confidenceinterval's ghost (adept GrSu)
 49518 | Swamp:4  | Offered knowledge of Fire Storm by Vehumet.
 49518 | Swamp:4  | Offered knowledge of Shatter by Vehumet.
 49518 | Swamp:4  | Offered knowledge of Polar Vortex by Vehumet.
 50848 | Swamp:4  | Got a decaying rune of Zot
 51239 | Elf:1    | Entered Level 1 of the Elven Halls
 51495 | Elf:1    | Reached XP level 19. HP: 22/116 MP: 18/34
 52240 | Elf:1    | Identified the ring "Cyhog" {rPois Will- Str+4 Int+6}
 52358 | Elf:1    | Found a radiant altar of Vehumet.
 52795 | Elf:1    | Found Bail's Book Boutique.
 52795 | Elf:1    | Found Cipaomau's Jewellery Emporium.
 52796 | Elf:1    | Found Wuofon's Book Boutique.
 53570 | Elf:2    | Reached skill level 10 in Dodging
 53658 | Elf:2    | Cast into level 3 of the Abyss (a deep elf demonologist)
 53750 | Abyss:3  | Found a radiant altar of Vehumet.
 53756 | Abyss:3  | Found a corrupted altar of Lugonu.
 53842 | Abyss:3  | Identified the amulet of Aplatap {+Inv Regen+}
 53942 | Abyss:3  | Gained mutation: Your spells are a little harder to cast,
                  | but a little more powerful. [a neqoxec]
 53943 | Abyss:3  | Reached skill level 16 in Earth Magic
 54193 | Elf:2    | Escaped the Abyss
 54488 | Elf:2    | Found a runed translucent gate.
 54489 | Elf:2    | Found a runed translucent gate.
 54489 | Elf:2    | Found a runed translucent gate.
 54779 | Elf:3    | Entered Level 3 of the Elven Halls
 55285 | Elf:3    | Found Vuzoing's Specific Store.
 55286 | Elf:3    | Found Bubb's General Store.
 55292 | Elf:3    | Bought a potion of haste for 120 gold pieces
 55320 | Elf:3    | Found Yshrougik's Assorted Antiques.
 55327 | Elf:3    | Bought a scroll of acquirement for 1300 gold pieces
 55327 | Elf:3    | Bought a scroll of acquirement for 1300 gold pieces
 55330 | Elf:3    | Acquired 524 gold pieces
 55332 | Elf:3    | Acquired the +3 Elemental Staff {rElec rF++ rC++ AC+5}
 55332 | Elf:3    | Found the +3 Elemental Staff {rElec rF++ rC++ AC+5}
 55370 | Elf:3    | Paralysed by an air elemental for 1 turns
 56109 | Elf:3    | Upgraded the game from 0.28-a0-1292-gb4563b27b3 to
                  | 0.28-a0-1334-g1c9ffb4daf
 56510 | Vaults:1 | Entered Level 1 of the Vaults
 56751 | Vaults:1 | Got the Disquisition on the Flying Volcanoes
 57995 | Vaults:1 | Reached skill level 17 in Earth Magic
 57999 | Vaults:1 | Reached XP level 20. HP: 112/124 MP: 36/36
 58700 | Vaults:1 | Learned a level 8 spell: Ignition
 59322 | Vaults:2 | Reached skill level 15 in Fire Magic
 60036 | Vaults:2 | Found a runed translucent gate.
 60036 | Vaults:2 | Found a runed translucent gate.
 60036 | Vaults:2 | Found a runed translucent gate.
 60036 | Vaults:2 | Noticed Foasmeck's ghost (veteran MiFi)
 60041 | Vaults:2 | Identified the ring "Demun" {Str+7 Int+6}
 60049 | Vaults:2 | Found a viscous altar of Jiyva.
 60195 | Vaults:2 | Noticed Saint Roka
 60213 | Vaults:2 | Killed Saint Roka
 60471 | Vaults:2 | Noticed Mara
 60754 | Lair:1   | Killed Lavandula's ghost
 60926 | Spider:4 | Entered Level 4 of the Spider Nest
 61001 | Spider:4 | Reached XP level 21. HP: 39/129 MP: 27/37
 61387 | Spider:4 | Reached skill level 18 in Earth Magic
 61423 | Spider:4 | Got a gossamer rune of Zot
 62313 | Vaults:2 | Killed Mara
 62755 | Vaults:2 | Killed Foasmeck's ghost
 63747 | Vaults:3 | Found Zutejuh's General Store.
 63755 | Vaults:3 | Bought a scroll of acquirement for 624 gold pieces
 63755 | Vaults:3 | Bought a scroll of acquirement for 624 gold pieces
 63760 | Vaults:3 | Acquired a +4 eveningstar of protection
 63762 | Vaults:3 | Acquired 1162 gold pieces
 63949 | Vaults:3 | Found a staircase to the Crypt.
 65099 | Elf:3    | Identified the +4 falchion of Valour {vorpal, rPois Int+4
                  | Dex+3}
 65109 | Elf:3    | Cast into level 3 of the Abyss (a deep elf demonologist)
 65292 | Abyss:3  | Gained mutation: You tend to lose your temper in combat. [a
                  | neqoxec]
 65297 | Abyss:3  | Gained mutation: You often lose your temper in combat. [a
                  | neqoxec]
 65303 | Abyss:3  | Gained mutation: Your body sometimes deteriorates upon
                  | taking damage. [a neqoxec]
 65400 | Abyss:3  | Reached XP level 22. HP: 138/138 MP: 38/38
 65539 | Abyss:3  | Noticed a profane servitor
 65552 | Abyss:3  | Killed a profane servitor
 65557 | Elf:3    | Escaped the Abyss
 65775 | Elf:3    | Identified the +9 halberd "Ultimatum" {drain, rElec rC-
                  | Int+3}
 65781 | Elf:3    | Identified the +1 robe "Koropn" {rC- rN+ Str+4 Int+4}
 65946 | Elf:3    | Reached skill level 15 in Conjurations
 66126 | Elf:3    | Identified the +8 ring mail "Obras" {rC+ Regen+ Slay+3}
 66147 | Elf:3    | Identified the amulet of the Grand Banana {+Blink rF+++
                  | Will- Regen+ Stlth+}
 66176 | Elf:3    | Identified the +2 shortbow "Muymaimu" {flame, Str+2}
 66202 | Elf:3    | Identified the +7 pearl dragon scales "Savoabur" {Rampage
                  | rN+ Str+4}
 66208 | Elf:3    | Identified the +0 leather armour of the Known World {Int+6
                  | Stlth+}
 66954 | Vaults:4 | Found Qipozad's Weapon Shop.
 67172 | Vaults:4 | Reached skill level 15 in Fighting
 67284 | Vaults:4 | Found Pasum's Book Shoppe.
 67289 | Vaults:4 | Bought a Necronomicon for 1120 gold pieces
 67318 | Vaults:4 | Found Xoxin's Armour Boutique.
 67346 | Vaults:4 | Reached skill level 19 in Earth Magic
 67827 | Vaults:4 | Found Zofoff's Antique Weapon Emporium.
 68587 | Vaults:5 | Entered Level 5 of the Vaults
 68604 | Vaults:4 | Learned a level 9 spell: Shatter
 68693 | Vaults:5 | Reached XP level 23. HP: 93/145 MP: 40/40
 68694 | Vaults:5 | Noticed a dread lich
 68696 | Vaults:5 | Noticed an ancient lich
 68699 | Vaults:5 | Killed a dread lich
 68701 | Vaults:5 | Killed an ancient lich
 68701 | Vaults:5 | Noticed a golden dragon
 68709 | Vaults:5 | Noticed a golden dragon
 68711 | Vaults:5 | Noticed Boris
 68711 | Vaults:5 | Noticed Sojobo
 68714 | Vaults:4 | Killed a golden dragon
 68720 | Vaults:4 | Gained mutation: Your magical capacity is low. (-10% MP)
                  | [mutagenic glow]
 68728 | Vaults:4 | Gained mutation: You have an uncontrollable temper.
                  | [mutagenic glow]
 68893 | Vaults:4 | Lost mutation: Your body sometimes deteriorates upon taking
                  | damage. [potion of mutation]
 68893 | Vaults:4 | Lost mutation: Your flesh is cold resistant. (rC+) [potion
                  | of mutation]
 68893 | Vaults:4 | Lost mutation: Your magical capacity is low. (-10% MP)
                  | [potion of mutation]
 68893 | Vaults:4 | Gained mutation: You have hidden genetic potential. [potion
                  | of mutation]
 68893 | Vaults:4 | Gained mutation: You are robust. (+10% HP) [potion of
                  | mutation]
 68911 | Vaults:5 | Noticed a dread lich
 68918 | Vaults:4 | Killed Sojobo
 68919 | Vaults:4 | Killed a golden dragon
 68972 | Vaults:5 | Paralysed by a dread lich for 5 turns
 68976 | Vaults:5 | Noticed a golden dragon
 68977 | Vaults:5 | Killed a dread lich
 69068 | Vaults:4 | Killed a golden dragon
 69266 | Vaults:5 | Reached skill level 20 in Earth Magic
 69415 | Vaults:5 | Killed Boris
 69590 | Vaults:5 | Found the +0 pair of fencer's gloves {Riposte Dex+3}
 69716 | Vaults:5 | Identified the +1 cloak "But Orud" {rF- Dex+3}
 69722 | Vaults:5 | Identified the +9 plate armour "Nuru Fin" {Regen+ Int+8
                  | Dex-2}
 69731 | Vaults:5 | Acquired 820 gold pieces
 70085 | Vaults:5 | Found Yrukk's Assorted Antiques.
 70105 | Vaults:5 | Bought 2 potions of heal wounds for 420 gold pieces
 70105 | Vaults:5 | Bought a potion of curing for 126 gold pieces
 70105 | Vaults:5 | Bought a scroll of teleportation for 126 gold pieces
 70105 | Vaults:5 | Bought a potion of heal wounds for 210 gold pieces
 70173 | Vaults:5 | Reached XP level 24. HP: 174/174 MP: 41/41
 70266 | Vaults:5 | Got a silver rune of Zot
 70379 | Vaults:5 | Identified the +3 spear of Okawaru's Regard {spect, rPois
                  | Dex+4}
 70436 | Crypt:1  | Entered Level 1 of the Crypt
 70619 | Crypt:1  | Reached XP level 25. HP: 100/180 MP: 39/41
 72185 | Crypt:2  | Gained mutation: Your flesh is heat resistant. (rF+)
                  | [hidden potential]
 72322 | Crypt:3  | Entered Level 3 of the Crypt
 72732 | Crypt:3  | Noticed Boris
 72736 | Crypt:3  | Noticed an ancient lich
 72737 | Crypt:3  | Killed Boris
 72739 | Crypt:3  | Killed an ancient lich
 72740 | Crypt:3  | Reached skill level 15 in Maces & Flails
 73398 | Crypt:3  | Paralysed by a vampire knight for 5 turns
 73454 | Crypt:3  | Found an ancient bone altar of Kikubaaqudgha.
 73614 | Crypt:3  | Found a staircase to the Tomb.
 73623 | Crypt:3  | Identified the ring of Youthful Indiscretion {rElec rN+}
 73623 | Crypt:3  | Identified the ring of Ybeycejerr {rPois rN+ Str+4 Int+3}
 73623 | Crypt:3  | Identified the ring of Dusuf {rN+ Int+3}
 74121 | Depths:1 | Entered Level 1 of the Depths
 74125 | Depths:1 | Found a gateway to Hell.
 74288 | Depths:1 | Noticed Boris
 74397 | Depths:1 | Killed Boris
 74427 | Depths:1 | Noticed Bai Suzhen
 74559 | Depths:1 | Killed Bai Suzhen
 74895 | Depths:1 | Reached XP level 26. HP: 187/191 MP: 40/41
 74989 | Depths:1 | Found an ornate altar of the Wu Jian Council.
 75445 | Depths:2 | Found a one-way gateway to a ziggurat.
 75551 | Depths:2 | Paralysed by a floating eye for 3 turns
 75556 | Depths:2 | Identified the +4 plate armour "Oghapn" {Rampage Will+
                  | Int-2 Dex+6}
 75560 | Depths:2 | Reached skill level 15 in Spellcasting
 75651 | Depths:2 | Reached skill level 21 in Earth Magic
 76075 | Depths:2 | Found a one-way gate leading to the halls of Pandemonium.
 76089 | Depths:2 | Identified the +0 cloak "Oliwiw" {rPois MP+9}
 76535 | Depths:2 | Found a burning altar of Makhleb.
 77101 | Depths:3 | Noticed the Enchantress
 77104 | Depths:3 | Killed the Enchantress
 77120 | Depths:3 | Gained mutation: You are strong-willed. (Will+) [hidden
                  | potential]
 77120 | Depths:3 | Lost mutation: You have hidden genetic potential. [hidden
                  | potential expressed]
 77323 | Depths:3 | Found a hide-covered altar of Uskayaw.
 78071 | Depths:4 | Entered Level 4 of the Depths
 78071 | Depths:4 | Found Vacyhuss's Antique Armour Boutique.
 78393 | Depths:4 | Noticed Ceefagg's ghost (adept MiGl)
 78552 | Depths:4 | Killed Ceefagg's ghost
 78591 | Depths:4 | Found a runed translucent gate.
 78591 | Depths:4 | Found a runed translucent gate.
 78591 | Depths:4 | Found a runed translucent gate.
 79170 | Depths:4 | Found a gate to the Realm of Zot.
 79365 | Zig:1    | Entered Level 1 of a ziggurat
 79412 | Zig:2    | Entered Level 2 of a ziggurat
 79461 | Zig:2    | Learned a level 8 spell: Necromutation
 79462 | Zig:3    | Entered Level 3 of a ziggurat
 79464 | Zig:3    | Reached skill level 1 in Transmutations
 79479 | Zig:3    | Identified the amulet "Xovuami" {+Blink rN+ Regen+ Int+7
                  | SInv}
 79489 | Zig:4    | Entered Level 4 of a ziggurat
 79520 | Zig:5    | Entered Level 5 of a ziggurat
 79590 | Zig:6    | Entered Level 6 of a ziggurat
 79624 | Zig:7    | Entered Level 7 of a ziggurat
 79629 | Zig:7    | Found the +3 giant club "Skullcrusher" {speed, Str+7}
 79631 | Zig:7    | Reached XP level 27. HP: 198/198 MP: 42/42
 79727 | Zig:8    | Entered Level 8 of a ziggurat
 79733 | Zig:8    | Gained mutation: You are weak. (Str -2) [a cacodemon]
 79734 | Zig:8    | Noticed Zynim the pandemonium lord
 79741 | Zig:8    | Killed Zynim the pandemonium lord
 79849 | Zig:9    | Entered Level 9 of a ziggurat
 79865 | Zig:9    | Reached skill level 5 in Transmutations
 79920 | Zig:10   | Entered Level 10 of a ziggurat
 79928 | Zig:10   | Noticed a dread lich
 79933 | Zig:10   | Killed a dread lich
 79949 | Zig:10   | Identified the ring of Asceticism {rPois Will+ rCorr Str+6
                  | Int+3 Slay-4}
 79957 | Zig:10   | Identified the +1 robe of Orthodoxy {rPois}
 79964 | Zig:11   | Entered Level 11 of a ziggurat
 79970 | Zig:11   | Noticed a dread lich
 79973 | Zig:11   | Noticed an ancient lich
 79977 | Zig:11   | Killed a dread lich
 79977 | Zig:11   | Killed an ancient lich
 80042 | Zig:12   | Entered Level 12 of a ziggurat
 80050 | Zig:12   | Noticed an ancient lich
 80051 | Zig:12   | Noticed an ancient lich
 80051 | Zig:12   | Noticed a dread lich
 80053 | Zig:12   | Noticed an ancient lich
 80056 | Zig:12   | Killed an ancient lich
 80057 | Zig:12   | Killed an ancient lich
 80057 | Zig:12   | Killed an ancient lich
 80059 | Zig:12   | Killed a dread lich
 80067 | Zig:12   | Identified the +2 pair of boots of the Watchman {rCorr}
 80082 | Zig:12   | Got the Handbook of Attacks and Fire
 80087 | Zig:12   | Identified the +9 falchion of the Extremes {venom, MP+9
                  | Int-5 Dex+4}
 80090 | Zig:12   | Identified the +1 plate armour of Defiance {rElec Str+4
                  | Slay-6}
 80109 | Zig:13   | Entered Level 13 of a ziggurat
 80281 | Zig:13   | Learned a level 9 spell: Fire Storm
 80284 | Zig:13   | Got the Tome of Malediction
 80287 | Zig:13   | Identified the ring "Japom" {rN+ Int+3 SInv}
 80296 | Zig:13   | Got the Handbook of Frigorific Transmutation
 80302 | Zig:14   | Entered Level 14 of a ziggurat
 80317 | Zig:14   | Reached skill level 10 in Necromancy
 80333 | Zig:14   | Got the Papyrus of Dusty Creation
 80434 | Zig:14   | Got the Papyrus of Hexes
 80435 | Zig:14   | Identified the +2 plate armour of Fodwump {-Tele Harm rCorr
                  | Int-4}
 80447 | Zig:15   | Entered Level 15 of a ziggurat
 80466 | Zig:15   | Noticed a dread lich
 80467 | Zig:15   | Noticed an ancient lich
 80468 | Zig:15   | Killed a dread lich
 80469 | Zig:15   | Killed an ancient lich
 80602 | Zig:15   | Identified the +4 war axe "Bukhlef" {flame, Will+ Dex+4}
 80608 | Zig:15   | Got the Incunabulum of Mutagenic Enchantment
 80623 | Zig:16   | Entered Level 16 of a ziggurat
 80640 | Zig:16   | Noticed a dread lich
 80643 | Zig:16   | Killed a dread lich
 80674 | Zig:16   | Identified the +9 dagger of the Hated {antimagic, rF+
                  | Int+4}
 80680 | Zig:16   | Identified the +10 dagger of Liaj {flame, Will++ MP-9}
 80684 | Zig:16   | Identified the +4 hand crossbow of Objectivity {elec,
                  | Int+6}
 80689 | Zig:16   | Identified the +8 dire flail "Spider's Regret" {flame, rC+
                  | rCorr Dex-3}
 80697 | Zig:17   | Entered Level 17 of a ziggurat
 80813 | Zig:17   | Identified the +8 broad axe of the Undead {venom, rPois
                  | rC++ Dex-4}
 80817 | Zig:17   | Acquired 1151 gold pieces
 80844 | Zig:17   | Got Ratax's Volume of Flying Conjuration
 80852 | Zig:17   | Identified the ring "Muin" {*Slow rN+ rCorr MP+9 SInv}
 80854 | Zig:17   | Reached skill level 10 in Transmutations
 80860 | Zig:18   | Entered Level 18 of a ziggurat
 80901 | Zig:18   | Reached skill level 15 in Necromancy
 80912 | Zig:18   | Acquired 730 gold pieces
 80922 | Zig:18   | Identified the +10 hunting sling "Wunuf" {freeze, Str+3
                  | Dex+4}
 80938 | Zig:18   | Identified the ring of Qiculev {Dex+3 Slay+4}
 80948 | Zig:19   | Entered Level 19 of a ziggurat
 80960 | Zig:19   | Noticed a dread lich
 80964 | Zig:19   | Killed a dread lich
 80965 | Zig:19   | Noticed an ancient lich
 80968 | Zig:19   | Killed an ancient lich
 80983 | Zig:19   | Noticed a dread lich
 80985 | Zig:19   | Killed a dread lich
 81121 | Zig:19   | Identified the +8 mace of the Scorching Hawk {vorpal,
                  | Dex+4}
 81134 | Zig:19   | Identified the ring "Resav" {rPois rF- AC+4 Str+8 Int-3}
 81142 | Zig:20   | Entered Level 20 of a ziggurat
 81155 | Zig:20   | Noticed Synoq the pandemonium lord
 81155 | Zig:20   | Noticed Nerr the pandemonium lord
 81158 | Zig:20   | Noticed Zojodish the pandemonium lord
 81158 | Zig:20   | Noticed Upladgh the pandemonium lord
 81158 | Zig:20   | Noticed Enuckewk the pandemonium lord
 81159 | Zig:20   | Noticed Zilazixkuh the pandemonium lord
 81160 | Zig:20   | Noticed Naobum the pandemonium lord
 81160 | Zig:20   | Noticed Lesussip the pandemonium lord
 81161 | Zig:20   | Noticed Bejej the pandemonium lord
 81165 | Zig:20   | Noticed Qest the pandemonium lord
 81165 | Zig:20   | Found the +7 Spriggan's Knife {stab, EV+4 Stlth+}
 81165 | Zig:20   | Found the +8 demon blade "Leech" {vamp, Harm Drain rN+}
 81169 | Zig:20   | Killed Zojodish the pandemonium lord
 81174 | Zig:20   | Killed Lesussip the pandemonium lord
 81206 | Zig:20   | Killed Naobum the pandemonium lord
 81207 | Zig:20   | Killed Nerr the pandemonium lord
 81208 | Zig:20   | Killed Enuckewk the pandemonium lord
 81224 | Zig:20   | Killed Qest the pandemonium lord
 81228 | Zig:20   | Killed Bejej the pandemonium lord
 81229 | Zig:20   | Killed Synoq the pandemonium lord
 81244 | Zig:20   | Killed Upladgh the pandemonium lord
 81403 | Zig:20   | Killed Zilazixkuh the pandemonium lord
 81626 | Zig:20   | Identified the +4 halberd of Roid Tithe {vorpal, *Noise
                  | Will+ Stlth+}
 81641 | Zig:21   | Entered Level 21 of a ziggurat
 81659 | Zig:21   | Noticed Oloott the pandemonium lord
 81660 | Zig:21   | Killed Oloott the pandemonium lord
 81861 | Zig:21   | Identified the +3 longbow of Fortitude {freeze, Dex+3}
 81885 | Zig:21   | Identified the +9 quarterstaff of Death's Door {vamp, *Slow
                  | rElec rC+ Dex+3}
 81893 | Zig:21   | Identified the +7 flail "Peheimapt" {vorpal, Will- Dex+3
                  | Stlth+}
 81917 | Zig:21   | Learned a level 9 spell: Polar Vortex
 81918 | Zig:22   | Entered Level 22 of a ziggurat
 81949 | Zig:22   | Reached skill level 5 in Ice Magic
 82059 | Zig:22   | Identified the +3 leather armour of New Discoveries {Slay-6
                  | SInv Stlth+}
 82064 | Zig:22   | Identified the +4 falchion of Exquisite Torment {freeze,
                  | Contam rC+++ Int-4 Dex+9}
 82090 | Zig:23   | Entered Level 23 of a ziggurat
 82335 | Zig:23   | Identified the +0 ring mail of Misanthropy {Int+3}
 82344 | Zig:23   | Identified the amulet "Qico" {Fragile rF+ Regen+ Stlth+}
 82373 | Zig:23   | Identified the ring of Latsaad {rCorr Slay+3}
 82376 | Zig:23   | Identified the +8 trident of Equilibrium {drain, Int+3}
 82377 | Zig:23   | Identified the ring "Vuakkiam" {Ice rElec rN++ Str+5}
 82389 | Zig:24   | Entered Level 24 of a ziggurat
 82410 | Zig:24   | Noticed a royal mummy
 82411 | Zig:24   | Noticed a royal mummy
 82411 | Zig:24   | Noticed a royal mummy
 82411 | Zig:24   | Noticed a royal mummy
 82413 | Zig:24   | Killed a royal mummy
 82413 | Zig:24   | Killed a royal mummy
 82413 | Zig:24   | Noticed a royal mummy
 82414 | Zig:24   | Reached skill level 15 in Ice Magic
 82414 | Zig:24   | Killed a royal mummy
 82414 | Zig:24   | Noticed a royal mummy
 82415 | Zig:24   | Noticed a royal mummy
 82415 | Zig:24   | Killed a royal mummy
 82415 | Zig:24   | Noticed a royal mummy
 82415 | Zig:24   | Noticed a royal mummy
 82415 | Zig:24   | Noticed a royal mummy
 82416 | Zig:24   | Killed a royal mummy
 82417 | Zig:24   | Killed a royal mummy
 82418 | Zig:24   | Killed a royal mummy
 82418 | Zig:24   | Killed a royal mummy
 82418 | Zig:24   | Killed a royal mummy
 82418 | Zig:24   | Killed a royal mummy
 82418 | Zig:24   | Noticed a royal mummy
 82419 | Zig:24   | Noticed a royal mummy
 82421 | Zig:24   | Killed a royal mummy
 82421 | Zig:24   | Killed a royal mummy
 82655 | Zig:24   | Identified the +6 trident "Botualuh" {drain, rC+++ Str+3
                  | Dex-2 Stlth+}
 82662 | Zig:24   | Identified the amulet "Lagergh" {Regen+ rCorr SInv}
 82687 | Zig:25   | Entered Level 25 of a ziggurat
 82706 | Zig:25   | Noticed Omobb the pandemonium lord
 82709 | Zig:25   | HP: 5/198 [Brimstone Fiend/damnation (29)]
 82709 | Zig:25   | Killed from afar by a balrug

Illustrated notes

Levels and vault maps discovered:
D:1:      elethiomel_arrival_shortcut, layout_loops_ring,
          hellmonk_ecumenical_altar_pennies_from_heaven, minmay_misc_feat_cross,
          bh_walls_and_bars
D:2:      layout_basic, basic_altar, uniq_natasha
D:3:      layout_loops_ring, minmay_goblin_outpost, uniq_robin, uniq_sigmund,
          uniq_ijyb
D:4:      layout_gridville, minmay_temple_entry_gardened_gates
D:5:      layout_rooms, lemuel_tele_altar, uniq_eustachio
D:6:      lemuel_insect_pit, layout_basic, uniq_pikel, uniq_grinder,
          uniq_crazy_yiuf_cottage
D:7:      layout_cave_pools, uniq_joseph
D:8:      layout_basic, due_lair_maze_entry_diamond,
          corexii_hall_statues_deadend, uniq_maggie
D:9:      layout_roguey, david_orc_4
D:10:     layout_rooms, ebering_ghost_gozag, corexii_checkpoint_a,
          onia_ninara_cookie
D:11:     layout_loops_ring, minmay_lizard_king
D:12:     layout_cave_pods, minivault_25_ag
D:13:     minmay_expanding_circles, layout_cave_pools, st_stairs_1
D:14:     layout_irregular_city, skrybe_vaults_entry_preservation, minivault_24,
          nicolae_trove_entry_isolated, serial_undead, serial_undead_c,
          serial_undead_a, serial_undead_a, serial_undead_d
D:15:     hangedman_depths_entry_try_elsewhere_first, layout_irregular_city,
          nzn_hepliaklqana_mist_gate, hangedman_batty
Temple:   regret_index_temple_sigil_plot
Lair:1:   layout_layer_cave, gammafunk_ghost_hydra_chop
Lair:2:   layout_loops_ring, spider_nest_entry_webs, infiniplex_staircase_pool
Lair:3:   layout_cave_shapes, minmay_swamp_entry_worms, minmay_hedge_maze,
          uniq_gastronok
Lair:4:   nzn_winding_woodlands_small [nzn_winding_woodlands_5x15_cabin,
          nzn_winding_woodlands_center_lodge,
          nzn_winding_woodlands_5x15_pathside_ponds], layout_cellular_growth,
          serial_bayou_shore_b, grunt_megastairs_4
Lair:5:   layout_cellular_growth, dpeg_slime_entry_enclosed_altar,
          portal_ice_cave_entry_ice_simulacra, grunt_megastairs_5
Lair:6:   hellmonk_lair_end_abyssal_woods, layout_gridlike, uniq_rupert
Swamp:1:  cheibrodos_swamp_tower_of_moss, layout_basic_swamp,
          nicolae_swamp_triple_paths
Swamp:2:  layout_basic_swamp, evilmike_swamp_ruin_house_2
Swamp:3:  layout_falls_marsh, evilmike_swamp_ruin_house_1, swamp_pool4
Swamp:4:  swamp_basic_johnstein, layout_basic_swamp, ebering_ghost_xom,
          swamp_pool1
Spider:1: layout_spider_delve, nicolae_spider_swamp_cousins,
          hangedman_spider_tarantella_strand
Spider:2: layout_spider_delve
Spider:3: layout_chambers
Spider:4: grunt_spider_rune_circles
Orc:1:    layout_caves, basic_altar, nicolae_shop_firing_range, uniq_maurice
Orc:2:    st_orc_ogre_mass, layout_caves, uniq_jorgrun
Elf:1:    eino_elf_arrival_the_gate, layout_geoelf_diagonals, basic_altar,
          minivault_28, minmay_shop_grove
Elf:2:    elven_hall_of_blades_hangedman_original [nicolae_blade_lattice],
          layout_gridlike, moated_statue
Elf:3:    minmay_elf_hall_hex, layout_loops_corners, serial_shops, shop_statue,
          nicolae_specific_store
Vaults:1: nicolae_vaults_three_branches, vaults_room_boxed,
          nicolae_vaults_quartermaster, v_misc_23, ontoclasm_vaults_ligature,
          vaults_mumra_hex, nicolae_vaults_alarming,
          nicolae_vaults_little_squares_3, hangedman_vaults_stream,
          ontoclasm_vaults_tryst, ontoclasm_vaults_shuriken, layout_vaults_ring
Vaults:2: gammafunk_ghost_ooze, ontoclasm_vaults_bender, v_misc_4,
          nicolae_vaults_minivaults, nicolae_vaults_network_quincunx
          [nicolae_vaults_network_quincunx_subvault,
          nicolae_vaults_network_quincunx_subvault,
          nicolae_vaults_network_quincunx_subvault,
          nicolae_vaults_network_quincunx_subvault,
          nicolae_vaults_network_quincunx_subvault], v_misc_31,
          nicolae_vaults_gold_heap, nicolae_vaults_big_ls,
          ontoclasm_vaults_decontamination, layout_vaults_omnibox, uniq_mara,
          uniq_saint_roka
Vaults:3: vaults_room_hallway, blue_anna_dwarven_crypt, v_misc_13,
          vaults_room_corners, vaults_standard_mumra_lines, vaults_dpeg_ring,
          layout_vaults_omnigrid, serial_shops, nicolae_shop_trees
Vaults:4: v_misc_10, nicolae_vaults_circle_grid_b, v_pattern_1,
          hangedman_vaults_hat, v_misc_33, nicolae_vaults_little_squares_3,
          vaults_mumra_chevron_long, grunt_vaults_swirl,
          nicolae_vaults_little_squares_6, v_rooms_1, layout_vaults_omnicross,
          serial_shops, nicolae_shop_hallway_stairs,
          nicolae_shop_bloodbath_and_beyond, nicolae_shop_statue_plus,
          nicolae_shop_stone
Vaults:5: uniq_sojobo, uniq_boris
Crypt:1:  layout_misc_corridors, roderic_lattice_octagonal_star,
          grunt_crypt_arrival_guarded_gate
Crypt:2:  layout_chaotic_city, minmay_misc_feat_columns
Crypt:3:  cryptofortress_bobbens
Depths:1: layout_basic, serial_corexii_hall, corexii_hall_statues_x,
          corexii_hall_statues_x, abyss_entry, hell_entry,
          pdpol_wu_jian_five_deadly_venoms, uniq_bai_suzhen
Depths:2: kennysheep_six_static_rooms, layout_small_grid, enter_ziggurat_c,
          hell_entry, grunt_pan_entry_spiral,
          hangedman_abyss_or_decor_jellyfish_corner,
          hangedman_abyss_entry_splay, makhleb_altar_promises_db
Depths:3: minmay_the_grid_octo_tiled_squarecenter_mashed
          [minmay_the_grid_octo_77, minmay_the_grid_octo_clover,
          minmay_the_grid_octo_toaster, minmay_the_grid_octo_empty,
          minmay_the_grid_square_5x5_megaprize_hollow,
          minmay_the_grid_square_5x5_inset, minmay_the_grid_square_5x5_shrine1,
          minmay_the_grid_square_5x5_almost_minimal,
          minmay_the_grid_square_5x5_bite], layout_gridville, lightli_too_deep,
          abyss_entry, moated_statue, uniq_enchantress
Depths:4: evilmike_zot_entry_diamond, layout_honeycomb,
          hangedman_abyss_or_decor_passed, serial_shops, shop, hell_entry,
          gammafunk_ghost_split, serial_bayou_shore_a
Zig:25

Skill      XL: |  1  2  3  4  5  6  7  8  9 10 11 12 13 14 15 16 17 18 19 20 21 22 23 24 25 26 27 |
---------------+----------------------------------------------------------------------------------+-----
Earth Magic    | 4 5 6 7 8 9 10 11 12 13 14 15 17 18 19 20 21 | 21.5
Spellcasting   | 3 4 5 6 7 8 9 10 11 12 13 14 15 18 | 18.6
Conjurations   | 1 3 4 5 6 7 8 9 10 11 12 13 14 15 16 17 18 | 18.0
Fighting       | 2 3 5 6 7 8 9 10 11 12 13 14 16 18 20 | 20.7
Maces & Flails | 2 3 4 5 6 7 8 9 10 11 12 13 14 15 16 | 16.0
Armour         | 2 3 5 6 |  6.0
Dodging        | 2 3 4 5 6 7 8 9 10 11 12 13 | 13.7
Evocations     | 1 3 4 5 6 7 8 9 10 | 10.0
Necromancy     | 2 4 5 6 19 | 19.0
Fire Magic     | 10 12 13 14 17 18 19 20 | 20.6
Transmutations | 3 10 | 10.0
Ice Magic      | 18 | 18.1
Stealth        | |  2.1

Action                   |  1- 3 |  4- 6 |  7- 9 | 10-12 | 13-15 | 16-18 | 19-21 | 22-24 | 25-27 || total
-------------------------+-------+-------+-------+-------+-------+-------+-------+-------+-------++-------
Melee: Whip              |    42 |    68 |       |       |       |       |       |       |       ||   110
       Unarmed           |     1 |       |       |       |       |       |       |       |       ||     1
       Mace              |       |    21 |    86 |   201 |   545 |   223 |       |       |       ||  1076
       Great mace        |       |       |       |       |       |   218 |   286 |    41 |   651 ||  1196
       Eveningstar       |       |       |       |       |       |       |   106 |   187 |       ||   293
       Staff             |       |       |       |       |       |       |       |       |    65 ||    65
Throw: Throwing net      |       |       |       |       |       |       |     2 |       |       ||     2
 Cast: Sandblast         |    15 |    35 |    53 |    88 |    86 |    57 |    16 |       |       ||   350
       Stone Arrow       |       |       |    44 |   184 |   353 |   268 |     6 |       |     2 ||   857
       Lee's Rapid Decon |       |       |       |       |    52 |    35 |    50 |    29 |     3 ||   169
       Irradiate         |       |       |       |       |    22 |    61 |     1 |       |       ||    84
       Fireball          |       |       |       |       |       |    49 |    38 |       |     2 ||    89
       Iron Shot         |       |       |       |       |       |   171 |   180 |    36 |    65 ||   452
       Starburst         |       |       |       |       |       |     6 |       |       |       ||     6
       Borgnjor's Vile C |       |       |       |       |       |     1 |       |       |       ||     1
       Ignition          |       |       |       |       |       |       |    93 |    45 |    76 ||   214
       Shatter           |       |       |       |       |       |       |       |    34 |   169 ||   203
       Fire Storm        |       |       |       |       |       |       |       |       |    13 ||    13
       Necromutation     |       |       |       |       |       |       |       |       |     1 ||     1
 Abil: Evoke Blink       |       |       |       |       |       |       |       |       |     1 ||     1
Evoke: Wand              |       |       |     5 |     5 |     7 |     5 |     6 |       |       ||    28
       Tin of tremorston |       |       |       |       |       |     2 |     4 |     1 |     5 ||    12
       Lightning rod     |       |       |       |       |       |     1 |       |       |     1 ||     2
       Box of beasts     |       |       |       |       |       |       |     1 |       |     1 ||     2
       Condenser vane    |       |       |       |       |       |       |       |       |     2 ||     2
       Phial of floods   |       |       |       |       |       |       |       |       |     1 ||     1
       Phantom mirror    |       |       |       |       |       |       |       |       |     1 ||     1
  Use: Scroll            |     3 |     4 |     9 |     9 |    12 |    10 |    16 |     7 |    37 ||   107
       Potion            |       |       |     4 |     6 |     4 |    12 |    13 |     4 |    17 ||    60
 Stab: Sleeping          |     5 |     4 |     2 |     1 |     7 |     6 |     7 |     4 |       ||    36
       Invisible         |       |       |       |       |       |     3 |       |       |       ||     3
       Distracted        |       |       |       |       |       |     3 |       |     1 |     3 ||     7
Armor: Robe              |    16 |    42 |    72 |     9 |       |       |       |       |       ||   139
       Steam dragon scal |       |       |       |   233 |   461 |   734 |   506 |   324 |   390 ||  2648
       Acid dragon scale |       |       |       |       |       |       |       |       |   448 ||   448
Dodge: Dodged            |    34 |    72 |   124 |   296 |   745 |   932 |   568 |   283 |   927 ||  3981
       Rpst.: Great mace |       |       |       |       |       |       |       |    13 |   138 ||   151
       Staff             |       |       |       |       |       |       |       |       |    38 ||    38

Table legend: (Time is in decaauts)
 A = Elapsed time spent in this place.
 B = Non-inter-level travel time spent in this place.
 C = Inter-level travel time spent in this place.
 D = Time resting spent in this place.
 E = Time spent auto-exploring this place.
 F = Levels seen in this place.
 G = Mean time per level.
                   A        B        C        D        E       F      G
               +--------+--------+--------+--------+--------+-----+--------+
         Total |  83218 |  78096 |   5122 |  20133 |  43364 |  75 | 1109.6 |
       Dungeon |  23643 |  21376 |   2267 |   5231 |  13108 |  15 | 1576.2 |
        Temple |     67 |     44 |     23 |      0 |     17 |   1 |   67.0 |
          Lair |  11850 |  11351 |    499 |   2718 |   6852 |   6 | 1975.0 |
         Swamp |   6073 |   5902 |    171 |   1126 |   3886 |   4 | 1518.2 |
   Spider Nest |   8728 |   8408 |    320 |   3865 |   3625 |   4 | 2182.0 |
  Orcish Mines |   2249 |   2050 |    199 |    274 |   1434 |   2 | 1124.5 |
   Elven Halls |   5596 |   5124 |    472 |   1445 |   2860 |   3 | 1865.3 |
        Vaults |  10692 |   9890 |    802 |   2067 |   5937 |   5 | 2138.4 |
         Crypt |   3509 |   3293 |    216 |    238 |   1810 |   3 | 1169.7 |
        Depths |   4880 |   4729 |    151 |    351 |   3211 |   4 | 1220.0 |
         Abyss |    965 |    965 |      0 |    265 |    220 |   2 |  482.5 |
      Ziggurat |   3419 |   3419 |      0 |   1659 |      0 |  25 |  136.8 |
      Ice Cave |   1540 |   1540 |      0 |    891 |    402 |   1 | 1540.0 |
               +--------+--------+--------+--------+--------+-----+--------+

Top non-repeatable levels by time:
Spider:3: 3419 daAuts
Spider:1: 2859 daAuts
Vaults:1: 2782 daAuts
  Lair:6: 2666 daAuts
Vaults:4: 2586 daAuts
  Lair:2: 2583 daAuts
Vaults:2: 2391 daAuts
 Swamp:4: 2303 daAuts
    D:14: 2275 daAuts
   Elf:3: 2130 daAuts
    D:15: 2083 daAuts
    D:13: 1959 daAuts
   Elf:1: 1926 daAuts
     D:6: 1923 daAuts
     D:8: 1920 daAuts
